 Dungeon Crawl Stone Soup version 0.19-a0-934-gf1df8d1 (webtiles) character file.

59 Jaxo the Skirmisher (level 4, -1/33 HPs)
             Began as an Octopode Monk on July 7, 2016.
             Slain by a kobold
             ... wielding a +0 short sword
              (5 damage)
             ... on level 2 of the Dungeon.
             The game lasted 00:01:34 (867 turns).

Jaxo the Skirmisher (Octopode Monk)                  Turns: 867, Time: 00:01:35

Health: -1/33      AC:  1    Str: 10    XL:     4   Next: 3%
Magic:  4/4        EV: 14    Int: 12    God:
Gold:   26         SH:  0    Dex: 15    Spells: 0 memorised, 3 levels left

rFire  . . .     SeeInvis .     a - +0 short sword
rCold  . . .     Gourm    .     (no shield)
rNeg   . . .     Faith    .     (helmet restricted)
rPois  .         Spirit   .     (no amulet)
rElec  .         Dismiss  .     (no ring)
rCorr  .         Reflect  .     (no ring)
SustAt .         Harm     .     (no ring)
MR     .....                    (no ring)
Stlth  ++++......               (no ring)
                                (no ring)
                                (no ring)
                                (no ring)

@: not resistant to hostile enchantments, stealthy
A: almost no armour, amphibious, 8 rings, constrict 8, camouflage 1, gelatinous
body 1
a: no special abilities


You were on level 2 of the Dungeon.
You were not hungry.

You visited 1 branch of the dungeon, and saw 2 of its levels.

You collected 26 gold pieces.

Inventory:

Hand Weapons
 a - a +0 short sword (weapon)
 g - a cursed -2 whip
Jewellery
 d - an uncursed ring of poison resistance {unknown}
Scrolls
 e - a scroll of fog {unknown}
 f - a scroll of immolation {unknown}
 i - 2 scrolls of teleportation {unknown}
Potions
 h - a potion of heal wounds {unknown}
Comestibles
 b - a bread ration
 c - a meat ration


   Skills:
 + Level 3.7 Fighting
 + Level 3.4 Short Blades
 + Level 3.5 Dodging
 + Level 3.4 Stealth


You had 3 spell levels left.
You didn't know any spells.

Dungeon Overview and Level Annotations

Branches:
Dungeon (2/15)

Altars:


Innate Abilities, Weirdness & Mutations

You cannot wear most types of armour.
You are amphibious.
You can wear up to eight rings at the same time.
You can use your tentacles to constrict eight enemies at once.
Your skin changes colour to match your surroundings (Stealth+).
Your rubbery body absorbs attacks. (AC +1)


Message History

You see here a gnoll corpse.
You closely miss the gnoll. Your grab misses the gnoll.
Your squeeze misses the gnoll. The kobold hits you but does no damage.
The gnoll closely misses you.
You hit the gnoll. You grab the gnoll. You squeeze the gnoll.
The gnoll is heavily wounded.
You constrict the gnoll, but do no damage.
The gnoll closely misses you. The gnoll hits you with a club!
The kobold misses you. The gnoll hits you! The kobold hits you.
* * * LOW HITPOINT WARNING * * *
You are too injured to fight recklessly!
You are too injured to fight recklessly!
You are too injured to fight recklessly!
You are too injured to fight recklessly!
You hit the gnoll. Your grab misses the gnoll.
The gnoll is lightly wounded.
You constrict the gnoll. The gnoll hits you with a spear.
* * * LOW HITPOINT WARNING * * *
The kobold hits you with a short sword.
You die...

##+## ##..(##
##.....##
#.#..g....##
#....K@K...#
......g.g...+
.#.....K....#
#.#.......##
# ##.....##
##...## ##+##


You could see 3 gnolls and 3 kobolds.

Vanquished Creatures
  A gnoll (D:2)
  3 dart slugs (D:1)
  2 giant geckos (D:1)
  2 bats (D:1)
  A giant cockroach (D:1)
  6 goblins (D:1)
  7 hobgoblins (D:1)
  6 jackals (D:1)
  A giant newt (D:1)
  6 kobolds (D:1)
  A rat (D:1)
36 creatures vanquished.

Notes
Turn   | Place    | Note
-------+----------+-------------------------------------------
     0 | D:1      | Jaxo the Octopode Monk began the quest for the Orb.
     0 | D:1      | Reached XP level 1. HP: 16/16 MP: 1/1
   293 | D:1      | Reached XP level 2. HP: 21/21 MP: 2/2
   407 | D:1      | Reached XP level 3. HP: 13/26 MP: 3/3
   863 | D:2      | Reached XP level 4. HP: 33/33 MP: 4/4
   867 | D:2      | Slain by a kobold

Vault maps used:
D:1:      nicolae_arrival_washed_ashore, minmay_misc_feat_x
D:2:      old_standard_altar, first_bread

Skill      XL: |  1  2  3 |
---------------+----------+-----
Stealth        | 3 |  3.4
Fighting       | |  3.7
Short Blades   | |  3.4
Dodging        | |  3.5

Action                   |  1- 3 |  4- 6 || total
-------------------------+-------+-------++-------
Melee: Short sword       |    60 |     3 ||    63
       Constrict         |    16 |     1 ||    17
       Tentacles         |    12 |     1 ||    13
 Stab: Sleeping          |     9 |       ||     9
Armor: Skin              |     1 |     1 ||     2
Dodge: Dodged            |    39 |     4 ||    43
